 Dungeon Crawl Stone Soup version 0.25.0-46-gbd7b0854d2 (webtiles) character file.

Game seed: 18177706175237439218

3362 funkygono the Arsonist (level 9, -4/67 HPs)
             Began as a Pale Draconian Fire Elementalist on July 12, 2020.
             Was a Believer of Vehumet.
             Shot with a sling bullet by Joseph (13 damage)
             ... on level 8 of the Dungeon.
             The game lasted 00:23:47 (8570 turns).

funkygono the Arsonist (DrFE)                       Turns: 8570, Time: 00:23:47

Health: -4/67      AC:  8    Str: 10    XL:     9   Next: 73%
Magic:  3/16       EV: 14    Int: 19    God:    Vehumet [**....]
Gold:   268        SH:  0    Dex: 18    Spells: 7/18 levels left

rFire    x . .     SeeInvis .   e - +1 mace
rCold    + . .     Gourm    .   (no shield)
rNeg     . . .     Faith    .   (armour unavailable)
rPois    .         Spirit   .   (helmet restricted)
rElec    .         Reflect  .   (no cloak)
rCorr    .         Harm     .   s - +0 pair of gloves (curse)
MR       .....                  (no boots)
Stlth    ++........             p - amulet of regeneration
HPRegen  0.61/turn              c - +6 ring of dexterity
MPRegen  0.15/turn              r - ring of ice

@: no status effects
A: breathe steam, unfitting armour, cold-blooded, AC +7
a: Breathe Steam, Renounce Religion


You were on level 8 of the Dungeon.
You worshipped Vehumet.
Vehumet was pleased with you.
You were not hungry.

You visited 1 branch of the dungeon, and saw 8 of its levels.

You collected 268 gold pieces.

Inventory:

Hand Weapons
 e - a +1 mace (weapon)
 v - a +0 mace of holy wrath
Armour
 s - a cursed +0 pair of gloves (worn)
Jewellery
 c - a +6 ring of dexterity (left hand)
 p - an amulet of regeneration (around neck)
 r - a ring of ice (right hand)
Wands
 n - a wand of iceblast (17)
Scrolls
 h - a scroll of blinking
 j - 3 scrolls of remove curse
Potions
 a - a potion of invisibility {unknown}
 d - a potion of haste {unknown}
 f - 3 potions of brilliance
 i - 3 potions of might
 k - a potion of degeneration {unknown}
 l - a potion of ambrosia {unknown}
 m - 3 potions of flight
 q - a potion of mutation {unknown}
Comestibles
 b - 15 rations


   Skills:
 + Level 2.1 Fighting
 + Level 3.8 Maces & Flails
 + Level 3.4 Dodging
 - Level 1.7 Stealth
 + Level 5.2 Spellcasting
 * Level 8.1 Conjurations
 * Level 9.3 Fire Magic
 + Level 1.3 Air Magic


You had 7 spell levels left.
You knew the following spells:

 Your Spells              Type           Power        Failure   Level  Hunger
a - Foxfire               Conj/Fire      ####         1%          1    None
b - Sticky Flame          Conj/Fire      #####...     3%          4    ####...
c - Shock                 Conj/Air       ###.         1%          1    None
d - Fireball              Conj/Fire      #####.....   10%         5    #####..

Your spell library contained the following spells:

 Spells                   Type           Power        Failure   Level  Hunger
 Frozen Ramparts          Ice            #.....       36%         3    ##.....
 Conjure Flame            Conj/Fire      #####...     1%          3    ##.....
 Inner Flame              Hex/Fire       ###.....     5%          3    ##.....
 Animate Skeleton         Necr           N/A          12%         1    None
 Apportation              Tloc           #.....       12%         1    None
 Corona                   Hex            #......      12%         1    None
 Summon Small Mammal      Summ           #...         12%         1    None
 Call Imp                 Summ           #.......     19%         2    None
 Call Canine Familiar     Summ           #.......     36%         3    ##.....
 Summon Guardian Golem    Hex/Summ       #.......     36%         3    ##.....
 Summon Lightning Spire   Summ/Air       #.......     65%         4    ####...
 Summon Ice Beast         Ice/Summ       #.......     77%         4    ####...


Dungeon Overview and Level Annotations

Branches:
Dungeon (8/15)             Temple (0/1) D:6
   Lair: D:8-11

Altars:
Cheibriados
Dithmenos
Hepliaklqana
Okawaru
Qazlal
Sif Muna
Uskayaw
Vehumet
Xom
Zin
The Shining One

Shops:
D:7 =

Annotations:
D:5 1 runed translucent door, Asparus's ghost, novice DEAE
D:8 Joseph


Innate Abilities, Weirdness & Mutations

You can breathe blasts of scalding, opaque steam.
Your pale cyan-grey scales are hard. (AC +7)
You cannot fit into any form of body armour.
You are cold-blooded and may be slowed by cold attacks.


Message History

Confirm with . or Enter, or press ? or * to list all spells.
You conjure some foxfire!
The foxfire hits Joseph.
Joseph is almost dead.
The foxfire hits Joseph but does no damage.
Joseph is almost dead.
Joseph smiles happily.
Joseph shoots a sling bullet.
The sling bullet hits you!
* * * LOW HITPOINT WARNING * * *
The sling bullet freezes you.
* * * LOW HITPOINT WARNING * * *
Casting: Foxfire (safe; 1% risk of failure)
Confirm with . or Enter, or press ? or * to list all spells.
You conjure some foxfire!
The foxfire hits Joseph.
Joseph is almost dead.
The foxfire hits the jackal!
You kill the jackal!
Vehumet accepts your kill.
You feel your power returning.
Joseph shoots a sling bullet.
The sling bullet hits you!
You die...

####..)..)....
#..##....##.
#..###...### #..#
#..).## ##.## #...... .
# ##[.####...... ..≈#.
#####.............
(.....#v((...>...##.....
♣.†@.§@#§..............
......v§§..............#
..§#..§##......######..#
..≈ #...#.....#... ....
..###[..#.>...#####
..............#
........#...#
###...h.#...#
#..<.Z....#


You could see Joseph.

Vanquished Creatures
  A troll (D:5)
  4 hogs (D:7)
  A human (D:7)
  An ice beast (D:7)
  2 sky beasts (D:7)
  A black bear (D:6)
  A phantom (D:5)
  A hornet zombie (D:8)
  3 ogres
  2 centaurs
  A big kobold (D:7)
  4 bullfrogs (D:7)
  3 scorpions
  3 orc priests
  A bullfrog skeleton (D:4)
  2 hounds (D:5)
  Ijyb (D:4)
  9 worker ants
  5 iguanas
  8 orc wizards
  4 hound skeletons
  Robin (D:4)
  A worker ant zombie (D:5)
  4 gnolls (D:2)
  2 adders
  2 oozes
  An adder zombie (D:5)
  An adder skeleton (D:4)
  2 worms
  3 dart slugs
  2 leopard geckos
  25 orcs
  3 ball pythons
  3 bats
  9 giant cockroaches
  6 hobgoblins
  4 jackals
  16 kobolds
  2 quokkas (D:7)
  7 frilled lizards
  17 goblins
  A quokka zombie (D:4)
  6 rats
  A bush (D:7)
177 creatures vanquished.

Vanquished Creatures (others)
  A quokka (D:8)
  611 foxfires
612 creatures vanquished.

Grand Total: 789 creatures vanquished

Notes
Turn   | Place    | Note
-------+----------+-------------------------------------------
     0 | D:1      | funkygono the Draconian Fire Elementalist began the quest
                  | for the Orb.
     0 | D:1      | Reached XP level 1. HP: 14/14 MP: 3/3
   352 | D:1      | Reached XP level 2. HP: 20/20 MP: 1/5
   903 | D:1      | Reached skill level 4 in Fire Magic
  1311 | D:2      | Reached XP level 3. HP: 26/26 MP: 3/6
  1482 | D:2      | Found a snail-covered altar of Cheibriados.
  1550 | D:2      | Found a glowing silver altar of Zin.
  1702 | D:2      | Reached XP level 4. HP: 33/33 MP: 0/7
  1729 | D:2      | Learned a level 4 spell: Sticky Flame
  2044 | D:2      | Found a shimmering blue altar of Sif Muna.
  2052 | D:2      | Found a shadowy altar of Dithmenos.
  2368 | D:3      | Reached skill level 5 in Fire Magic
  2437 | D:3      | Found a radiant altar of Vehumet.
  2441 | D:3      | Became a worshipper of Vehumet
  2577 | D:3      | Reached XP level 5. HP: 38/38 MP: 2/8
  2655 | D:3      | You fall into a shaft and drop 3 floors!
  2689 | D:5      | Entered Level 5 of the Dungeon
  2919 | D:5      | Noticed a centaur
  2924 | D:5      | Killed a centaur
  2970 | D:5      | Reached XP level 6. HP: 45/45 MP: 6/9
  3106 | D:5      | Found a runed translucent door.
  3109 | D:5      | Noticed Asparus's ghost (novice DEAE)
  3288 | D:4      | Reached skill level 6 in Fire Magic
  3768 | D:4      | Noticed Robin
  3780 | D:4      | Killed Robin
  3797 | D:4      | Found a hide-covered altar of Uskayaw.
  3853 | D:4      | Reached * piety under Vehumet
  3853 | D:4      | Offered knowledge of Shock by Vehumet.
  3856 | D:4      | Learned a level 1 spell: Shock
  3890 | D:4      | Noticed Ijyb
  3905 | D:4      | Killed Ijyb
  4033 | D:4      | Your scales start taking on a pale cyan-grey colour.
  4033 | D:4      | Reached skill level 7 in Fire Magic
  4033 | D:4      | Reached XP level 7. HP: 33/50 MP: 7/10
  4220 | D:4      | Reached skill level 1 in Maces & Flails
  4403 | D:4      | Reached skill level 5 in Conjurations
  4451 | D:4      | Found a glowing golden altar of the Shining One.
  4785 | D:5      | Found a stormy altar of Qazlal.
  4807 | D:5      | Noticed a troll
  4826 | D:5      | Killed a troll
  4826 | D:5      | Reached skill level 1 in Fighting
  4826 | D:5      | Reached XP level 8. HP: 16/59 MP: 3/12
  4934 | D:5      | Offered knowledge of Sandblast by Vehumet.
  5282 | D:5      | Reached ** piety under Vehumet
  5702 | D:5      | Learned a level 5 spell: Fireball
  5791 | D:6      | Reached skill level 1 in Air Magic
  5870 | D:6      | Found a staircase to the Ecumenical Temple.
  6042 | D:6      | Found a hazy altar of Hepliaklqana.
  6043 | D:6      | Found a shimmering altar of Xom.
  6044 | D:6      | Noticed a spectral ugly thing
  6446 | D:7      | Reached skill level 8 in Fire Magic
  6694 | D:7      | Reached XP level 9. HP: 38/67 MP: 8/14
  7327 | D:7      | Found an iron altar of Okawaru.
  7532 | D:7      | HP: 1/67 [hog (11)]
  7708 | D:7      | Reached skill level 9 in Fire Magic
  7799 | D:7      | Reached skill level 5 in Spellcasting
  7818 | D:7      | Found Rusoh's Jewellery Shop.
  8077 | D:8      | Noticed Joseph
  8293 | D:7      | HP: 3/67 [bullfrog (3)]
  8455 | D:8      | Offered knowledge of Frozen Ramparts by Vehumet.
  8570 | D:8      | Shot with a sling bullet by Joseph

Illustrated notes

Levels and vault maps discovered:
D:1:      lightli_arrival_noodles, layout_basic
D:2:      layout_basic, zin_scriptorium, overflow_temple_1_default,
          amethyst_overflow_temple_binary, first_ration, moated_statue
D:3:      layout_rooms, vehumet_crystals, grunt_decor_one_mirror
D:4:      minmay_spotlight, layout_gridville, tso_oasis_becter,
          eat_drink_and_be_merry_uskayaw, minivault_4, uniq_robin, uniq_ijyb
D:5:      layout_loops_corners, overflow_temple_1_default,
          ebering_ghost_reflecting_pool, hangedman_decor_clover_reticule,
          minmay_divided_ellipse
D:6:      layout_rooms, regret_index_temple_of_mockery,
          minmay_temple_entry_wispy
D:7:      layout_gridville, kennysheep_little_box, grunt_livestock,
          minivault_24, kb_lookout_dungeons_type,
          minmay_shop_enchanted_jewellery
D:8:      layout_rooms, lightli_temple_of_fire, elyvilon_altar_4, uniq_grum,
          uniq_joseph

Skill      XL: |  1  2  3  4  5  6  7  8  9 |
---------------+----------------------------+-----
Fire Magic     | 4 5 7 8 9 |  9.3
Conjurations   | 2 3 4 5 7 8 |  8.1
Maces & Flails | 2 3 |  3.8
Dodging        | 2 3 |  3.4
Fighting       | 1 2 |  2.1
Spellcasting   | 3 5 |  5.2
Air Magic      | 1 |  1.3
Stealth        | |  1.7

Action                   |  1- 3 |  4- 6 |  7- 9 || total
-------------------------+-------+-------+-------++-------
Melee: Mace              |       |    41 |   214 ||   255
       Tailslap          |       |     6 |    45 ||    51
 Cast: Foxfire           |    62 |   110 |   207 ||   379
       Shock             |       |       |    26 ||    26
       Fireball          |       |       |     6 ||     6
  Use: Scroll            |     4 |     7 |     9 ||    20
       Potion            |       |       |     4 ||     4
  Eat: Chunk             |     3 |     9 |    14 ||    26
       Ration            |       |       |     2 ||     2
Armor: Skin              |     8 |    27 |    75 ||   110
Dodge: Dodged            |    11 |    46 |   191 ||   248
